 Dungeon Crawl Stone Soup version 0.19.1-1-g22dce08 (webtiles) character file.

214 UnluckyKarma the Slasher (level 5, -6/47 HPs)
             Began as a Draconian Chaos Knight on Jan 10, 2017.
             Mangled by a wyvern (13 damage)
             ... on level 5 of the Dungeon.
             The game lasted 00:10:40 (2338 turns).

UnluckyKarma the Slasher (Draconian Chaos Knight)   Turns: 2338, Time: 00:10:40

Health: -6/47      AC:  5    Str: 16    XL:     5   Next: 59%
Magic:  5/5        EV: 12    Int: 12    God:    Xom [*.....]
Gold:   135        SH:  0    Dex: 10    Spells: 0 memorised, 4 levels left

rFire  . . .     SeeInvis .     g - +0 long sword
rCold  + . .     Gourm    .     (armour unavailable)
rNeg   . . .     Faith    .     (no shield)
rPois  +         Spirit   .     (helmet restricted)
rElec  +         Reflect  .     (no cloak)
rCorr  .         Harm     .     (no gloves)
MR     .....                    (no boots)
Stlth  +.........               (no amulet)
                                (no ring)
                                c - ring of protection from cold

@: cleaving, drained
A: unfitting armour, hooves 1, stinger 1, poison resistance, electricity
resistance, cold-blooded, AC +5
a: Renounce Religion


You were on level 5 of the Dungeon.
You worshipped Xom.
You were a special plaything of Xom.
You were very full.

You visited 1 branch of the dungeon, and saw 5 of its levels.

You collected 135 gold pieces.

Inventory:

Hand Weapons
 g - a +0 long sword (weapon)
Jewellery
 c - a ring of protection from cold (left hand)
Scrolls
 d - 4 scrolls of identify
 e - a scroll of remove curse
Books
 a - a book of Callings

   Spells                             Type                      Level
   a - Summon Small Mammal            Summoning                    1
   b - Call Imp                       Summoning                    2
   c - Call Canine Familiar           Summoning                    3
   d - Summon Guardian Golem          Hexes/Summoning              3
   e - Summon Lightning Spire         Summoning/Air                4
   f - Summon Ice Beast               Ice/Summoning                4
Comestibles
 b - a meat ration
 f - a bread ration


   Skills:
 + Level 4.7(4.6) Fighting
 + Level 4.8(4.7) Long Blades
 + Level 3.0(2.9) Dodging
 + Level 0.8(0.7) Stealth


You had 4 spell levels left.
You didn't know any spells.

Dungeon Overview and Level Annotations

Branches:
Dungeon (5/15)
 Temple: D:4-7

Altars:
Uskayaw
Vehumet
Xom

Annotations:
D:5 Thrillho's ghost, novice DEFE


Innate Abilities, Weirdness & Mutations

Your plain brown scales are hard. (AC +5)
You cannot fit into any form of body armour.
You are cold-blooded and may be slowed by cold attacks.
You have large cloven feet.
Your tail ends in a poisonous barb.
Your system is resistant to poisons. (rPois)
You are resistant to electric shocks. (rElec)


Message History

You hit the scorpion.
Thrillho's ghost hits you but does no damage.
The scorpion stings you but does no damage.
Thrillho's ghost hits you but does no damage.
The wyvern bites you but does no damage.
You see here a grey potion.
The wyvern bites you.
This spell is impossible to cast!
Memorise Summon Ice Beast, consuming 4 spell levels and leaving 0?
The wyvern bites you.
Your memorisation is interrupted.
The scorpion stings you but does no damage.
Thrillho's ghost closely misses you. The wyvern barely misses you.
Xom makes a sudden noise!
You hear someone calling for help!
You hear a bark!
You hear a shout!
The scorpion stings you. Thrillho's ghost hits you. The wyvern bites you!
* * * LOW HITPOINT WARNING * * *
The wyvern bites you!
You die...
Xom chortles!

###########
###.........#
#...........#
##.#.........#
###.............
#....###@.......
#.8..._lsW8.$...
#....%)l........
#.8.......8.....
#...............
#.8.......8....#
................#
..................
#................#.


You could see a wyvern, a scorpion, an iguana and Thrillho's ghost.

Vanquished Creatures
  5 adders
  A gnoll (D:1)
  3 worms (D:2)
  2 dart slugs
  2 leopard geckos
  An orc (D:3)
  3 giant cockroaches (D:1)
  9 goblins
  6 hobgoblins
  5 jackals
  A quokka (D:2)
  A ball python (D:1)
  4 bats
  3 frilled lizards
  6 kobolds
  6 rats
58 creatures vanquished.

Vanquished Creatures (collateral kills)
  The ghost of UnluckyKarma the Slasher, an amateur DsCK of Xom (D:3)
  An orc priest (D:3)
  An orc wizard (D:3)
  An adder (D:3)
  4 orcs (D:3)
8 creatures vanquished.

Grand Total: 66 creatures vanquished

Notes
Turn   | Place    | Note
-------+----------+-------------------------------------------
     0 | D:1      | UnluckyKarma the Draconian Chaos Knight began the quest for the Orb.
     0 | D:1      | Reached XP level 1. HP: 19/19 MP: 1/1
   137 | D:1      | Reached XP level 2. HP: 20/27 MP: 2/2
   310 | D:1      | XOM: divination: magic mapping
   328 | D:1      | Reached XP level 3. HP: 30/33 MP: 3/3
   424 | D:1      | XOM: medium Tmut miscast
   585 | D:1      | XOM: harmless Summ miscast
   674 | D:1      | XOM: scenery: create altars
   690 | D:1      | XOM: give mutations
   690 | D:1      | Gained mutation: Your system is resistant to poisons. (rPois) [Xom's grace]
   690 | D:1      | Gained mutation: You are resistant to electric shocks. (rElec) [Xom's grace]
   690 | D:1      | Gained mutation: Your tail ends in a poisonous barb. [Xom's grace]
   690 | D:1      | Gained mutation: You have large cloven feet. [Xom's grace]
  1008 | D:2      | XOM: 2-stop teleportation journey
  1071 | D:2      | XOM: scenery: create altars
  1092 | D:2      | Reached XP level 4. HP: 24/41 MP: 4/4
  1429 | D:3      | Noticed UnluckyKarma's ghost (amateur DsCK)
  1434 | D:3      | XOM: fake destruction
  1447 | D:3      | XOM: summons 4 friendly demons
  1611 | D:3      | Found a radiant altar of Vehumet.
  1621 | D:3      | Reached XP level 5. HP: 37/47 MP: 5/5
  1635 | D:3      | Killed UnluckyKarma's ghost
  1902 | D:3      | XOM: cloud trail
  2115 | D:3      | XOM: god gift: coppery potion {god gift}
  2267 | D:3      | XOM: harmless Air miscast
  2305 | D:4      | XOM: confusion (+ monsters)
  2325 | D:5      | Entered Level 5 of the Dungeon
  2325 | D:5      | Found a hide-covered altar of Uskayaw.
  2325 | D:5      | Noticed Thrillho's ghost (novice DEFE)
  2326 | D:5      | Noticed a wyvern
  2326 | D:5      | XOM: cleaving
  2337 | D:5      | XOM: noise
  2338 | D:5      | Mangled by a wyvern

Skill      XL: |  1  2  3  4  5 |
---------------+----------------+-----
Fighting       | 4 |  4.7
Long Blades    | 4 |  4.8
Dodging        | 3 |  3.0
Stealth        | |  0.8

Action                   |  1- 3 |  4- 6 || total
-------------------------+-------+-------++-------
Melee: Falchion          |    84 |    59 ||   143
       Tailslap          |     7 |     6 ||    13
       Kick              |     5 |    23 ||    28
       Long sword        |       |    15 ||    15
  Use: Scroll            |     5 |       ||     5
       Potion            |     3 |     6 ||     9
 Stab: Paralysed         |       |     3 ||     3
  Eat: Meat ration       |     1 |     1 ||     2
       Bread ration      |     1 |       ||     1
Armor: Skin              |    41 |    40 ||    81
Dodge: Dodged            |    70 |    75 ||   145
       Rpst.: Falchion   |    28 |    21 ||    49
       Long sword        |       |     7 ||     7
